 Dungeon Crawl Stone Soup version 0.26.0-10-g1f06aea511 (webtiles) character file.

Game seed: 14365753801052087748

18 inc the Vexing (level 2, 0/11 HPs)
             Began as a Felid Enchanter on Jan 30, 2021.
             Slain by a hobgoblin
             ... wielding a +0 club
             ... led by Robin
              (5 damage)
             ... on level 1 of the Dungeon.
             The game lasted 00:00:45 (1332 turns).

inc the Vexing (Felid Enchanter)                    Turns: 1332, Time: 00:00:46

Health: 0/11       AC:  1    Str:  4    XL:     2   Next: 51%
Magic:  5/6        EV: 18    Int: 16    God:
Gold:   83         SH:  0    Dex: 16    Spells: 4/5 levels left
                                        Lives:  0   Deaths: 0

rFire    . . .     SeeInvis +     - Unarmed
rCold    . . .     Faith    .   (shield unavailable)
rNeg     . . .     Spirit   .   (armour unavailable)
rPois    .         Reflect  .   (helmet unavailable)
rElec    .         Harm     .   (cloak unavailable)
rCorr    .         Rampage  .   (gloves unavailable)
Will     .....                  (boots unavailable)
Stlth    +++.......             (no amulet)
HPRegen  0.03/turn              (no ring)
MPRegen  0.10/turn              (no ring)

@: quick
A: very small, no armour, no weapons or thrown items, stealth, claws 1, fangs 3,
see invisible, speed 1, shaggy fur 1, sharp paws
a: no special abilities


You were on level 1 of the Dungeon.
You visited 1 branch of the dungeon, and saw 2 of its levels.

You collected 83 gold pieces.

Inventory:

Scrolls
 a - a scroll of amnesia {unknown}
 c - 2 scrolls of teleportation {unknown}
 d - 2 scrolls of identify {unknown}
 e - a scroll of magic mapping {unknown}
Potions
 b - a potion of might {unknown}
 f - a potion of magic {unknown}


   Skills:
 - Level 2.6 Dodging
 - Level 4.0 Stealth
 + Level 2.6 Unarmed Combat
 - Level 2.0 Spellcasting
 - Level 4.4 Hexes


You had 4 spell levels left.
You knew the following spells:

 Your Spells              Type           Power        Failure   Level
a - Corona                Hex            16%          3%          1

Your spell library contained the following spells:

 Spells                   Type           Power        Failure   Level
 Confusing Touch          Hex            15%          11%         3
 Tukima's Dance           Hex            15%          11%         3
 Ensorcelled Hibernation  Hex/Ice        16%          13%         2
 Dazzling Flash           Conj/Hex       16%          26%         3


Dungeon Overview and Level Annotations

Branches:
Dungeon (2/15)

Altars:


Innate Abilities, Weirdness & Mutations

You cannot wear armour.
You are incapable of wielding weapons or throwing items.
Your paws allow you to move quietly. (Stealth)
You have sharp claws.
You have razor-sharp teeth.
You have supernaturally acute eyesight. (SInv)
You cover ground quickly.
You are covered in fur. (AC +1)
Your sharp claws are effective at attacking unaware monsters.


Message History

The goblin shouts!
The hobgoblin shouts!
The goblin shouts! x2
You hear a shout! x2; You hear an angry hiss.
You hear a shout!
You hear an angry hiss. x2
A goblin comes into view. It is wielding a +0 club.
The hobgoblin closely misses you.
There is a stone staircase leading up here.
The hobgoblin hits you with a +0 club.
You climb upwards.
There is a stone staircase leading down here.
You barely miss the hobgoblin. The hobgoblin hits you with a +0 club.
You are too injured to fight recklessly!
Casting: Corona (safe; 3% risk of failure)
Confirm with . or Enter, or press ? or * to list all spells.
Aiming: Corona (safe; 3% risk of failure)
Press: ? - help, Shift-Dir - straight line, f - hobgoblin
Aim: a hobgoblin, wielding a +0 club (chance to affect: 69%)
The hobgoblin barely resists.
You scratch the hobgoblin but do no damage.
The hobgoblin hits you with a +0 club.
You die...

#.##.##.........##
#.#..##.........##
#.#.###...........
#.#.###.##########
#.......######
###..........#
###..#######.#
#.....#...##.#
#@###......#.#####
#g# #......#......
#>###......#.#####
#.....#...##.#
####.#######.#
#.........#
###########


You could see a hobgoblin.

Vanquished Creatures
  A dart slug (D:1)
  3 giant cockroaches
  2 goblins (D:1)
  3 hobgoblins (D:1)
  A ball python (D:1)
  2 bats (D:1)
  3 frilled lizards (D:1)
15 creatures vanquished.

Vanquished Creatures (others)
  A plant (D:1)
1 creature vanquished.

Grand Total: 16 creatures vanquished

Notes
Turn   | Place    | Note
-------+----------+-------------------------------------------
     0 | D:1      | inc the Felid Enchanter began the quest for the Orb.
     0 | D:1      | Reached XP level 1. HP: 7/7 MP: 4/4
   826 | D:1      | Reached XP level 2. HP: 11/11 MP: 6/6
  1332 | D:1      | Slain by a hobgoblin

Illustrated notes

Levels and vault maps discovered:
D:1:      amcnicky_arrival_blooded_trapdoor, layout_loops_cross, serial_forest,
          infiniplex_forest_straight_4, infiniplex_forest_clump_medium,
          infiniplex_forest_clump_tiny, infiniplex_forest_straight_3
D:2:      layout_loops_ring, grunt_temple_overflow_order_and_chaos_2,
          nicolae_overflow_crystal_walls, tgw_trog, uniq_robin

Skill      XL: |  1 |
---------------+----+-----
Unarmed Combat | 2 |  2.6
Dodging        | |  2.6
Stealth        | |  4.0
Spellcasting   | |  2.0
Hexes          | |  4.4

Action                   || total
-------------------------++-------
Melee: Unarmed           ||    50
       Bite              ||     3
 Cast: Corona            ||     2
 Stab: Sleeping          ||     5
Armor: Skin              ||     6
Dodge: Dodged            ||    49
